 Dungeon Crawl Stone Soup version 0.28.0-45-g0d030f2227 (webtiles) character file.

Game seed: 7634187983869556924

116799 Theotherone the Executioner (level 16, -6/157 HPs)
             Began as a Minotaur Berserker on Apr 19, 2022.
             Was a High Priest of Trog.
             Killed from afar by Nikola (78 damage)
             ... with an arc of chain lightning
             ... on level 2 of the Spider Nest on Apr 22, 2022.
             The game lasted 01:19:20 (22637 turns).

Theotherone the Executioner (Minotaur Berserker)   Turns: 22637, Time: 01:19:20

Health: -6/157     AC: 24    Str: 34 (36) XL:     16   Next: 21%
Magic:  15/15      EV: 15    Int: 10 (12) God:    Trog [*****.]
Gold:   1692       SH:  0    Dex: 15 (17) Spells: 15/15 levels left

rFire   . . .      SeeInvis +   a - +6 battleaxe of the Establishment {vamp, Int+6}
rCold   . . .      Faith    .   (shield currently unavailable)
rNeg    . . .      Spirit   .   n - +6 scale mail "Dohitol" {-Cast Str+8 Dex+7 Stlth-}
rPois   +          Reflect  .   (helmet restricted)
rElec   .          Harm     .   N - +0 cloak {rPois}
rCorr   .          Rampage  .   H - +2 pair of gloves {hurl}
Will    +....      NoCast   +   x - +1 pair of boots {Fly}
Stlth   ..........              y - amulet of regeneration
HPRegen 1.16/turn               h - ring of see invisible
MPRegen 0.14/turn               E - +4 ring of protection

@: confused, lethally poisoned (-6 -> -22), corroded, flying, slowed, studying
Maces & Flails, very slow
A: horns 2, retaliatory headbutt, clumsy 1, strong 1, noise suppression
a: Renounce Religion, Berserk, Trog's Hand, Brothers in Arms


You were on level 2 of the Spider Nest.
You worshipped Trog.
Trog was extremely pleased with you.
You visited 3 branches of the dungeon, and saw 23 of its levels.
You also visited: Ice Cave and Volcano.

You collected 1856 gold pieces.
You spent 164 gold pieces at shops.

Inventory:

Hand Weapons
 a - the +6 battleaxe of the Establishment (weapon) {vamp, Int+6}
   (You acquired it on level 11 of the Dungeon)

   It occasionally heals its wielder for a portion of the damage dealt when it
   wounds a living foe.
   Int:       It affects your intelligence (+6).
 b - a +1 dire flail of flaming
 i - the +6 long sword of Ascent {drain, +Blink rPois rN+}
   (You found it on level 6 of the Lair of Beasts)

   A truly terrible weapon, it drains the life of any living foe it strikes.
   rPois:     It protects you from poison.
   rN:        It protects you from negative energy.
   +Blink:    It lets you blink.
 j - the +8 shortbow of Grontol {venom, rC+++ Str+6 Int-4}
   (You found it in a volcano)

   Any ammunition fired from it poisons the flesh of those it strikes.
   Str:       It affects your strength (+6).
   Int:       It affects your intelligence (-4).
   rC:        It renders you almost immune to cold.
 t - a +2 war axe of holy wrath
 B - a +2 broad axe of freezing
 D - a +2 antimagic battleaxe
 J - a +2 battleaxe of freezing
 X - a +0 vampiric war axe
Missiles
 m - 2 throwing nets
 r - 14 javelins (quivered)
Armour
 g - a +2 buckler
 n - the +6 scale mail "Dohitol" (worn) {-Cast Str+8 Dex+7 Stlth-}
   (You found it on level 3 of the Dungeon)

   Str:       It affects your strength (+8).
   Dex:       It affects your dexterity (+7).
   -Cast:     It prevents spellcasting.
   Stlth:     It makes you less stealthy.
 v - +0 ice dragon scales
 x - a +1 pair of boots of flying (worn)
 H - a +2 pair of gloves of hurling (worn)
 N - a +0 cloak of poison resistance (worn)
Jewellery
 h - a ring of see invisible (left hand)
 y - an amulet of regeneration (around neck)
 z - a +6 ring of strength
 E - a +4 ring of protection (right hand)
 F - a ring of protection from cold
 K - a ring of protection from fire
 L - a ring of resist corrosion
Wands
 l - a wand of digging (10)
 P - a wand of iceblast (19)
 Z - a wand of mindburst (15)
Scrolls
 c - a scroll of magic mapping
 f - 8 scrolls of teleportation
 o - 4 scrolls of immolation
 s - a scroll of holy word
 w - 2 scrolls of silence
 C - a scroll of blinking
 I - 6 scrolls of fog
 M - 4 scrolls of identify
 S - a scroll of brand weapon
 T - 4 scrolls of summoning
 Y - 2 scrolls of fear
Potions
 d - a potion of resistance
 k - 3 potions of heal wounds
 p - 5 potions of might
 q - 5 potions of curing
 u - 2 potions of ambrosia
 G - 4 potions of haste
 Q - 3 potions of invisibility
 R - a potion of cancellation
Miscellaneous
 V - a phantom mirror


   Skills:
 + Level 17.9 Fighting
 - Level 21.0(21.2) Axes
 - Level 4.7(14.6) Polearms
 - Level 4.2 Throwing
 - Level 15.0 Armour
 - Level 9.0 Dodging
 + Level 3.1 Shields
 + Level 8.8 Evocations


You had 15 spell levels left.
You didn't know any spells.
Your spell library was empty.

Dungeon Overview and Level Annotations

Branches:
Dungeon (15/15)            Temple (0/1) D:7            Lair (6/6) D:11
 Shoals (0/4) Lair:2       Spider (2/4) Lair:4        Slime (0/5) Lair:5
    Orc (0/2) D:11         Vaults (0/5) D:13          IceCv (visited)
Volcano (visited)
 Depths: D:15

Altars:
Qazlal
Sif Muna
Trog
Jiyva

Shops:
D:2 [   D:7 *   D:11 *   D:13 (   D:15 [

Annotations:
Lair:3 exclusion: 4 oklob plants
Spider:2 Nikola


Innate Abilities, Weirdness & Mutations

You have a pair of horns on your head.
You reflexively headbutt those who attack you in melee.
You are clumsy. (Dex -2)
Your muscles are strong. (Str +2)
You passively dampen the noise of your surroundings.


Message History

The redback bites you but does no damage.
Nikola the Mad Inventor comes into view.
He is wielding a +3 rapier of electrocution and wearing a +0 cloak of preservation.
The redback bites you.
The tarantella touches you but does no damage.
Being near the torpor snail leaves you feeling lethargic.
Nikola shouts!
You slash the redback!
You feel better.
You kill the redback!
Trog accepts your kill.
You hit the redback but do no damage. You slash the tarantella!
You feel better.
You kill the tarantella!
Trog accepts your kill.
A wolf spider comes into view.
The redback misses you. The redback bites you.
You are poisoned.
The redback poisons you!
You bump into the rock wall.
You feel extremely sick.
The wolf spider hisses angrily.
The entropy weaver closely misses you.
The entropy weaver hits you but does no damage.
The entropy weaver hits you! The entropy weaver barely misses you.
The redback barely misses you. The tarantella completely misses you.
Nikola asks, "Are you insulated?"
Nikola mumbles some strange words.
Lightning arcs from Nikola's hands!
The bolt of lightning hits the redback!!!!
The redback dies!
A bolt of lightning appears from out of thin air!
The bolt of lightning hits Nikola.
The bolt of lightning hits you!
The bolt of lightning hits the tarantella!!
The tarantella dies!
The bolt of lightning hits the entropy weaver!!!
A demonic crawler comes into view.
The entropy weaver misses you. The entropy weaver hits you! x2
The entropy weaver hits you but does no damage.
Nikola gestures wildly while chanting.
Lightning arcs from Nikola's hands!
The bolt of lightning hits you!!!!
You die...

## .. ###. #...# ##
##### ##...#####..#.
##.#.###....@@B..s.>.
#....#.#####.....##^.
##.....##..#.#.#.w.#
#...#.†.#.....## #Bs#
#####.....###.^# ..
#..##.)#.##### .
###......#.#.# .
#..##......####.^
#.#....##.......^


You could see Nikola, a boulder beetle, an entropy weaver, a torpor snail, a
demonic crawler (wandering) and a wolf spider.

Vanquished Creatures
  Agnes (Spider:2)
  Kirke (Lair:6)
  Roxanne (D:14)
  2 frost giants (IceCv)
  A ghost moth (Spider:1)
  An ironbound preserver (D:13)
  A ghoul (D:13)
  A white draconian (IceCv)
  Josephine (D:14)
  Erolcha (D:9)
  2 ice dragons
  An ogre mage (D:11)
  2 boulder beetles (D:13)
  15 hydras
  5 ironbound frosthearts (IceCv)
  6 centaur warriors
  7 two-headed ogres
  6 death yaks
  Urug (Lair:5)
  7 skeletal warriors
  An orange crystal statue (IceCv)
  A death drake (shapeshifter) (D:11)
  An anaconda skeleton (Volcano)
  2 wolf spiders
  3 deep elf pyromancers
  3 manticores
  15 ugly things
  5 cyclopes
  23 elephants
  2 black mambas
  19 cane toads
  21 rime drakes
  4 gargoyles
  A demonic crawler (Spider:2)
  13 komodo dragons
  A redback zombie (D:13)
  A yaktaur (D:15)
  A queen bee (Lair:3)
  3 meliai (Spider:1)
  A wind drake (shapeshifter) (D:14)
  A wolf spider simulacrum (D:14)
  A hornet (D:11)
  7 trolls
  23 polar bears
  A merfolk (shapeshifter) (D:14)
  8 slime creatures (D:14)
  4 tyrant leeches (Lair:6)
  2 tarantellas (Spider:2)
  30 blink frogs
  A harpy skeleton (Volcano)
  2 centaur simulacra (D:14)
  3 flying skulls (Volcano)
  8 wyverns
  A jumping spider (Lair:4)
  2 shadows
  35 yaks
  6 wraiths
  A vampire (D:10)
  A steam dragon (D:8)
  14 basilisks
  6 vampire mosquitoes
  2 redbacks
  Menkaure (D:7)
  3 acid dragons
  18 water moccasins
  3 ice beasts
  6 orc warriors
  3 sky beasts
  2 necrophages
  2 black bears
  18 centaurs
  11 wolves
  An ogre (D:5)
  A phantom (D:4)
  4 kobold brigands
  Blork the orc (D:6)
  12 bullfrogs
  2 scorpions
  A water moccasin zombie (D:3)
  A water moccasin skeleton (D:5)
  44 killer bees
  An electric eel (Lair:6)
  4 howler monkeys
  2 troll skeletons (Volcano)
  4 hounds
  6 centaur zombies
  8 orc priests
  A bullfrog skeleton (D:7)
  A jelly (D:6)
  Crazy Yiuf (D:4)
  4 iguanas (D:6)
  Terence (D:3)
  Natasha (thrice) (D:3)
  8 orc wizards
  A hell rat (Lair:3)
  A killer bee zombie (D:6)
  A naga skeleton (Volcano)
  A mummy (D:13)
  2 howler monkey zombies
  Robin (D:4)
  15 gnolls
  7 adders
  A shadow imp (D:7)
  7 white imps
  2 ufetubi
  2 worms
  2 dart slugs
  38 orcs
  4 ball pythons
  An endoplasm (D:1)
  12 goblins
  9 hobgoblins
  21 kobolds
  2 quokkas (D:1)
  7 bats
  5 frilled lizards
  3 rats (D:1)
  A spectral goblin (D:1)
  A bush (Lair:6)
  A plant (Lair:5)
669 creatures vanquished.

Vanquished Creatures (collateral kills)
  Nessos (D:12)
  A cyclops (D:12)
2 creatures vanquished.

Vanquished Creatures (others)
  A tarantella (Spider:2)
  6 humans (Lair:6)
  A redback (Spider:2)
  35 fungi
  101 plants
144 creatures vanquished.

Grand Total: 815 creatures vanquished

Notes
Turn   | Place    | Note
-------+----------+-------------------------------------------
     0 | D:1      | Theotherone the Minotaur Berserker began the quest for the
                  | Orb.
     0 | D:1      | Reached XP level 1. HP: 19/19 MP: 0/0
   145 | D:1      | Reached skill level 4 in Axes
   260 | D:1      | Reached XP level 2. HP: 25/26 MP: 1/1
   710 | D:1      | Found a faded altar of an unknown god.
   871 | D:2      | Reached ** piety under Trog
   872 | D:2      | Reached skill level 5 in Axes
   906 | D:2      | Reached XP level 3. HP: 31/31 MP: 2/2
  1415 | D:2      | Reached skill level 6 in Axes
  1415 | D:2      | Reached XP level 4. HP: 23/39 MP: 3/3
  1822 | D:2      | Reached skill level 1 in Polearms
  1839 | D:2      | Found Reluugo's Armour Shoppe.
  2136 | D:3      | Noticed Terence
  2143 | D:3      | Killed Terence
  2144 | D:3      | Reached XP level 5. HP: 40/45 MP: 4/4
  2327 | D:3      | Reached XP level 6. HP: 20/51 MP: 5/5
  2643 | D:3      | Identified the +6 scale mail "Dohitol" {-Cast Str+8 Dex+7
                  | Stlth-}
  2818 | D:3      | Noticed Natasha
  2833 | D:3      | Killed Natasha
  3121 | D:3      | Noticed Natasha
  3126 | D:3      | Killed Natasha
  3304 | D:3      | Noticed Natasha
  3308 | D:3      | Killed Natasha
  3427 | D:4      | Reached skill level 7 in Axes
  3666 | D:4      | Found a runed translucent door.
  3667 | D:4      | Noticed Crazy Yiuf
  3672 | D:4      | Killed Crazy Yiuf
  3761 | D:4      | Reached skill level 5 in Fighting
  3761 | D:4      | Reached XP level 7. HP: 61/61 MP: 6/6
  4005 | D:4      | Noticed Robin
  4015 | D:4      | Killed Robin
  4402 | D:5      | Entered Level 5 of the Dungeon
  4416 | D:5      | Reached skill level 8 in Axes
  4510 | D:5      | Reached *** piety under Trog
  4716 | D:5      | Reached XP level 8. HP: 47/71 MP: 7/7
  5129 | D:5      | Reached skill level 9 in Axes
  5410 | D:5      | Noticed a two-headed ogre
  5417 | D:5      | Killed a two-headed ogre
  5418 | D:5      | Reached skill level 10 in Axes
  5780 | D:6      | Reached XP level 9. HP: 83/83 MP: 8/8
  6055 | D:6      | Noticed Blork the orc
  6060 | D:6      | Killed Blork the orc
  6073 | D:6      | Reached skill level 11 in Axes
  6566 | D:6      | Gained mutation: You are agile. (Dex +2) [potion of
                  | mutation]
  6566 | D:6      | Gained mutation: You are somewhat resistant to further
                  | mutation. [potion of mutation]
  6566 | D:6      | Gained mutation: You have large cloven feet. [potion of
                  | mutation]
  6568 | D:7      | Noticed Menkaure
  6572 | D:7      | Killed Menkaure
  6606 | D:7      | Reached skill level 10 in Fighting
  6815 | D:7      | Found Xuraq's CLEARANCE SALE!.
  6823 | D:7      | Bought a potion of haste for 20 gold pieces
  6823 | D:7      | Bought a potion of might for 8 gold pieces
  7026 | D:7      | Found a staircase to the Ecumenical Temple.
  7227 | D:7      | Reached skill level 12 in Axes
  7532 | D:8      | Found a stormy altar of Qazlal.
  7732 | D:8      | Reached XP level 10. HP: 91/96 MP: 9/9
  7986 | D:9      | Noticed a centaur warrior
  7995 | D:9      | Killed a centaur warrior
  7996 | D:9      | Reached skill level 13 in Axes
  8168 | D:9      | Noticed Erolcha
  8177 | D:9      | Killed Erolcha
  8177 | D:9      | Reached **** piety under Trog
  8178 | D:9      | Reached skill level 14 in Axes
  9138 | D:10     | Entered Level 10 of the Dungeon
  9175 | D:10     | Reached skill level 15 in Axes
  9852 | D:10     | Reached XP level 11. HP: 91/105 MP: 10/10
 10440 | D:11     | Found a staircase to the Orcish Mines.
 10489 | D:11     | Noticed a two-headed ogre
 10497 | D:11     | Killed a two-headed ogre
 10498 | D:11     | Reached skill level 16 in Axes
 10612 | D:11     | Noticed a two-headed ogre
 10621 | D:11     | Killed a two-headed ogre
 10659 | D:11     | Found a staircase to the Lair.
 10659 | D:11     | Noticed a death yak
 10667 | D:11     | Killed a death yak
 10668 | D:11     | Reached skill level 17 in Axes
 10745 | D:11     | Found Lixiat's General Store.
 10748 | D:11     | Bought a scroll of enchant armour for 97 gold pieces
 10748 | D:11     | Bought a potion of curing for 39 gold pieces
 10755 | D:11     | Identified a scroll of acquirement
 10759 | D:11     | Acquired the +6 battleaxe of the Establishment {vamp,
                  | Int+6}
 10814 | D:11     | Found the +10 Black Knight's barding {ponderous, rPois rN+}
 10823 | D:11     | Paralysed by a hornet for 3 turns
 10824 | D:11     | Noticed a death drake
 10826 | D:11     | Noticed a centaur warrior
 10827 | D:11     | Noticed an ogre mage
 10829 | D:11     | Noticed a four-headed hydra
 10835 | D:11     | Killed a centaur warrior
 10842 | D:11     | Killed a death drake
 10842 | D:11     | Killed an ogre mage
 10843 | D:11     | Reached skill level 5 in Armour
 10843 | D:11     | Reached skill level 5 in Dodging
 10846 | D:11     | Killed a nine-headed hydra
 10963 | D:11     | Identified the +1 trident of War {spect, rF+ rC+}
 11019 | D:11     | Noticed a white ugly thing
 11025 | D:11     | Killed a white ugly thing
 11113 | D:11     | Noticed a deep elf pyromancer
 11119 | D:11     | Killed a deep elf pyromancer
 11120 | D:11     | Reached XP level 12. HP: 113/113 MP: 11/11
 11452 | Lair:1   | Entered Level 1 of the Lair of Beasts
 11538 | Lair:1   | Noticed a four-headed hydra
 11545 | Lair:1   | Killed a seven-headed hydra
 12410 | Lair:2   | Reached skill level 10 in Armour
 12463 | Lair:2   | Found a bloodstained altar of Trog.
 12481 | Lair:2   | Found a staircase to the Shoals.
 12553 | Lair:2   | Reached ***** piety under Trog
 12628 | Lair:2   | Noticed an eight-headed hydra
 12636 | Lair:2   | Killed a ten-headed hydra
 13163 | Lair:3   | Reached skill level 18 in Axes
 13187 | Lair:3   | Reached XP level 13. HP: 119/119 MP: 12/12
 13242 | Lair:3   | Received a gift from Trog
 13254 | Lair:3   | Reached skill level 19 in Axes
 13289 | Lair:3   | Found a dark tunnel.
 13298 | Volcano  | Entered a volcano
 13492 | Volcano  | Identified the +8 shortbow of Grontol {venom, rC+++ Str+6
                  | Int-4}
 13678 | Lair:3   | Reached skill level 20 in Axes
 14570 | Lair:4   | Reached skill level 21 in Axes
 14747 | Lair:4   | Found a shimmering blue altar of Sif Muna.
 14853 | Lair:4   | Found a hole to the Spider Nest.
 15178 | Lair:5   | You fall into a shaft and drop 1 floor!
 15178 | Lair:6   | Entered Level 6 of the Lair of Beasts
 15178 | Lair:6   | Noticed Kirke
 15184 | Lair:6   | Killed Kirke
 15239 | Lair:5   | Noticed Urug
 15255 | Lair:5   | Killed Urug
 15262 | Lair:5   | Found a viscous altar of Jiyva.
 15263 | Lair:5   | Found a staircase to the Slime Pits.
 15297 | Lair:5   | Reached XP level 14. HP: 124/129 MP: 13/13
 15793 | Lair:5   | Acquired a +0 cloak of poison resistance
 15794 | Lair:5   | Acquired a +2 battleaxe of electrocution
 16485 | Lair:6   | Received a gift from Trog
 16744 | Lair:6   | Reached skill level 15 in Fighting
 16866 | Lair:6   | Reached skill level 15 in Armour
 16890 | Lair:6   | Identified the +6 long sword of Ascent {drain, +Blink rPois
                  | rN+}
 17458 | D:12     | Reached skill level 1 in Throwing
 17537 | D:12     | Reached skill level 1 in Evocations
 17782 | D:12     | Noticed Nessos
 18843 | D:12     | Killed Nessos
 19048 | D:13     | Found Pas Bif's Weapon Boutique.
 19142 | D:13     | Reached XP level 15. HP: 127/141 MP: 14/14
 19412 | D:13     | Found a gate to the Vaults.
 19753 | D:14     | Reached skill level 5 in Evocations
 19850 | D:14     | Noticed Josephine
 19860 | D:14     | Killed Josephine
 19897 | D:14     | Found a frozen archway.
 19921 | IceCv    | Entered an ice cave
 20355 | IceCv    | Received a gift from Trog
 20430 | IceCv    | Lost mutation: You are somewhat resistant to further
                  | mutation. [potion of mutation]
 20430 | IceCv    | Lost mutation: You have large cloven feet. [potion of
                  | mutation]
 20430 | IceCv    | Lost mutation: You are agile. (Dex +2) [potion of mutation]
 20430 | IceCv    | Gained mutation: You passively dampen the noise of your
                  | surroundings. [potion of mutation]
 20430 | IceCv    | Gained mutation: Your muscles are strong. (Str +2) [potion
                  | of mutation]
 20430 | IceCv    | Gained mutation: You are clumsy. (Dex -2) [potion of
                  | mutation]
 20454 | IceCv    | Noticed a frost giant
 20454 | IceCv    | Noticed a frost giant
 20454 | IceCv    | Found the +5 robe of Night {Dark Will+ SInv}
 20469 | IceCv    | Killed a frost giant
 20473 | IceCv    | Killed a frost giant
 21254 | D:14     | Reached XP level 16. HP: 136/155 MP: 15/15
 21564 | D:14     | Identified Roxanne's Disquisition on the Rocks
 21564 | D:14     | Noticed Roxanne
 21582 | D:14     | Killed Roxanne
 21861 | D:15     | Entered Level 15 of the Dungeon
 21999 | D:15     | Reached skill level 1 in Shields
 22108 | D:15     | Found Juzeladd's Antique Armour Shop.
 22433 | Spider:1 | Entered Level 1 of the Spider Nest
 22456 | Spider:1 | Received a gift from Trog
 22578 | Spider:2 | Noticed Agnes
 22590 | Spider:2 | Killed Agnes
 22635 | Spider:2 | Noticed Nikola
 22637 | Spider:2 | Killed from afar by Nikola

Illustrated notes

Levels and vault maps discovered:
D:1:      erik_arrival_cave_to_civilisation [erik_arrival_cave_to_hall],
          layout_rooms, dreamdust_ecumenical_altar_drowned_temple,
          roderic_serpentine_path, feat_on_display
D:2:      layout_basic, serial_shops, nicolae_shop_window_shopping
D:3:      layout_basic, minmay_randomly_rotated_circles, uniq_terence,
          uniq_natasha
D:4:      layout_gridville, uniq_crazy_yiuf_cottage, uniq_robin
D:5:      layout_basic
D:6:      layout_basic, kennysheep_doodads, kennysheep_potato,
          uniq_blork_the_orc
D:7:      layout_basic, minmay_temple_entry_purple_smoke,
          nicolae_shop_clearance, uniq_menkaure
D:8:      layout_gridville, grunt_qazlal_sundering
D:9:      layout_layer_cave, evilmike_butchery, uniq_erolcha
D:10:     layout_grid_maze
D:11:     nzn_winding_woodlands_three_and_one [nzn_winding_woodlands_5x15_eye,
          nzn_winding_woodlands_5x15_concentric,
          nzn_winding_woodlands_5x15_default,
          nzn_winding_woodlands_center_triple_pond], layout_irregular_city,
          david_lair_generic, orc_0_dummy, serial_shops, kennysheep_mini,
          serial_bayou_pond_c
D:12:     layout_basic, uniq_nessos
D:13:     layout_roguey, skrybe_vaults_entry_preservation, serial_shops,
          nicolae_shop_temple_entry_statues_fountains, serial_undead,
          serial_undead_d, serial_undead_d, serial_undead_c, serial_undead_f,
          serial_undead_f
D:14:     layout_stronghold, serial_ice, serial_ice_i, serial_ice_o,
          serial_ice_b, serial_ice_a, serial_ice_g, serial_ice_m,
          portal_ice_cave_entry_dragon, uniq_josephine, uniq_roxanne
D:15:     grunt_enter_depths_snipers, layout_basic,
          nicolae_cairo_tiling_large_dashed, serial_shops,
          nicolae_shop_statue_plus
Lair:1:   layout_cave_pods
Lair:2:   layout_cellular_growth, minmay_shoals_entry_centaurs, basic_altar,
          lemuel_fruit_fields, lemuel_fruit_tree, grunt_megastairs_2
Lair:3:   hangedman_what_comes_after_a, layout_chaotic_city, enter_volcano_1
Lair:4:   layout_regular_city, spider_nest_entry_a, basic_altar,
          beast_lair_carwin_2
Lair:5:   layout_cellular_growth, dpeg_slime_entry_enclosed_altar,
          serial_bayou_shore_b, serial_bayou_shore_b,
          infiniplex_staircase_pool_2, uniq_urug
Lair:6:   minmay_lair_end_frog_pond, layout_misc_corridors, uniq_kirke
Spider:1: layout_spider_delve
Spider:2: layout_spider_delve, hangedman_spider_tarantella_strand, uniq_nikola,
          uniq_agnes

Skill      XL: |  1  2  3  4  5  6  7  8  9 10 11 12 13 14 15 16 |
---------------+-------------------------------------------------+-----
Axes           | 4 5 6 7 8 10 12 15 17 18 21 | 21.0
Polearms       | 2 4 |  4.7
Fighting       | 5 6 9 11 12 13 15 17 | 17.9
Armour         | 7 12 15 | 15.0
Dodging        | 6 7 9 |  9.0
Throwing       | 3 4 |  4.2
Evocations     | 2 8 |  8.8
Shields        | 3 |  3.1

Action                   |  1- 3 |  4- 6 |  7- 9 | 10-12 | 13-15 | 16-18 || total
-------------------------+-------+-------+-------+-------+-------+-------++-------
Melee: Hand axe          |    53 |       |       |       |       |       ||    53
       Headbutt          |     8 |    18 |    24 |    55 |   164 |    25 ||   294
       War axe           |    17 |    57 |   161 |   136 |       |       ||   371
       Halberd           |       |    64 |       |       |       |       ||    64
       Punch             |       |     2 |     1 |     2 |     1 |       ||     6
       Kick              |       |       |    15 |    89 |   228 |       ||   332
       Battleaxe         |       |       |       |   159 |   660 |    85 ||   904
       Dire flail        |       |       |       |       |    77 |       ||    77
       Long sword        |       |       |       |       |     4 |       ||     4
Invok: Berserk           |     4 |     6 |     8 |    13 |    14 |     1 ||    46
       Trog's Hand       |     1 |     1 |     1 |     2 |     4 |       ||     9
       Brothers in Arms  |       |       |       |       |     2 |       ||     2
Evoke: Wand              |       |       |       |       |     2 |       ||     2
  Use: Potion            |       |     2 |     1 |     2 |     2 |       ||     7
       Scroll            |       |       |    10 |    15 |     9 |     2 ||    36
Armor: Animal skin       |     3 |       |       |       |       |       ||     3
       Leather armour    |    14 |     2 |       |       |       |       ||    16
       Chain mail        |       |    34 |       |       |       |       ||    34
       Scale mail        |       |    25 |   119 |   185 |   438 |    76 ||   843
       Skin              |       |       |       |    79 |       |       ||    79
       Ice dragon scales |       |       |       |       |   124 |       ||   124
Dodge: Dodged            |    55 |    53 |   106 |   186 |   673 |    60 ||  1133
